Workbook
Name _Hlk34300669: August!$K$70
Name Component: "Group"
Name FX_RATE: August!$C$251
Name pbCountingPages: FALSE

Sheet August
A1: MONTHLY UPDATE ON REGISTERED MUTUAL FUNDS AS AT 31ST AUGUST, 2026
A2: S/N | B2: FUND | C2: FUND MANAGER | D2: TOTAL VALUE OF INVESTMENT (N) | E2: TOTAL INCOME (N) | F2: UNREALIZED CAPITAL GAIN/LOSS (N) | G2: TOTAL EXPENSES (N) | H2: NET INCOME/LOSS (N) | I2: NET ASSET VALUE (N) PREVIOUS - JULY | J2: % ON TOTAL | K2: NET ASSET VALUE (N) | L2: % ON TOTAL | M2: % CHANGE IN NAV | N2: EXPENSE RATIO | O2: RETURN ON EQUITY (ROE) | P2: NET ASSET PER UNIT | Q2: EARNINGS PER UNIT (EPU) | R2: BID PRICE (N) | S2: OFFER PRICE (N) | T2: NUMBER OF UNIT HOLDERS | U2: OPENING NUMBER OF UNITS | V2: CLOSING NUMBER OF UNITS
A4: EQUITY BASED FUNDS
A5: 1 | B5: Afrinvest Equity Fund | C5: Afrinvest Asset Management Ltd. | D5: 1.1815951e+10 | E5: 80375996 | F5: 3.6242245e+09 | G5: 20612671 | H5: =(E5+F5)-G5 -> 3.6839878e+09 | I5: 1.2686025e+10 | J5: =(I5/$I$25) -> 0.052554963 | K5: 1.1849816e+10 | L5: =(K5/$K$25) -> 0.050700303 | M5: =((K5-I5)/I5) -> -0.065915763 | N5: =(G5/K5) -> 0.0017394929 | O5: =H5/K5 -> 0.31088987 | P5: =K5/V5 -> 883.71311 | Q5: =H5/V5 -> 274.73745 | R5: 883.71 | S5: 883.71 | T5: 1708 | U5: 14216523 | V5: 13409121
A6: 2 | B6: Anchoria Equity Fund | C6: Anchoria Asset Management Limited | D6: 2.2284069e+09 | E6: 2491563 | F6: 8.24596e+08 | G6: 2932581.4 | H6: =(E6+F6)-G6 -> 8.2415498e+08 | I6: 2.3122593e+09 | J6: =(I6/$I$25) -> 0.0095790998 | K6: 2.2320297e+09 | L6: =(K6/$K$25) -> 0.009549902 | M6: =((K6-I6)/I6) -> -0.034697483 | N6: =(G6/K6) -> 0.0013138631 | O6: =H6/K6 -> 0.36924015 | P6: =K6/V6 -> 587.61821 | Q6: =H6/V6 -> 216.97223 | R6: 582.7 | S6: 591.2 | T6: 692 | U6: 3851266.6 | V6: 3798435.2
A7: 3 | B7: ARM Aggressive Growth Fund | C7: ARM Investment Managers Limited | D7: 16033322349 | E7: 231573524 | F7: 371661266 | G7: 47767161 | H7: =(E7+F7)-G7 -> 555467629 | I7: 18511889397 | J7: =(I7/$I$25) -> 0.076690031 | K7: 18153216351 | L7: =(K7/$K$25) -> 0.077669861 | M7: =((K7-I7)/I7) -> -0.01937528 | N7: =(G7/K7) -> 0.0026313332 | O7: =H7/K7 -> 0.030598855 | P7: =K7/V7 -> 71.689696 | Q7: =H7/V7 -> 2.1936226 | R7: 71.3313 | S7: 73.4819 | T7: 13004 | U7: 255938777 | V7: 253219323
A8: 4 | B8: AXA Mansard Equity Income Fund | C8: AXA Mansard Investments Limited | D8: 2.723212e+09 | E8: 30915108 | G8: 5187336.8 | H8: =(E8+F8)-G8 -> 25727771 | I8: 3.5943399e+09 | J8: =(I8/$I$25) -> 0.014890432 | K8: 3.6454112e+09 | L8: =(K8/$K$25) -> 0.015597158 | M8: =((K8-I8)/I8) -> 0.014208809 | N8: =(G8/K8) -> 0.0014229771 | O8: =H8/K8 -> 0.0070575771 | P8: =K8/V8 -> 354.89322 | Q8: =H8/V8 -> 2.5046863 | R8: 353.1188 | S8: 356.6677 | T8: 2920 | U8: 10230127 | V8: 10271854
A9: 5 | B9: CardinalStone Equity Fund | C9: CardinalStone Asset Mgt. Limited | D9: 1.2592226e+10 | E9: 1.6044429e+08 | F9: -2.0105162e+08 | G9: 18325219 | H9: =(E9+F9)-G9 -> -58932553 | I9: 1.2763786e+10 | J9: =(I9/$I$25) -> 0.052877108 | K9: 1.269285e+10 | L9: =(K9/$K$25) -> 0.054307285 | M9: =((K9-I9)/I9) -> -0.005557626 | N9: =(G9/K9) -> 0.0014437434 | O9: =H9/K9 -> -0.0046429724 | P9: =K9/V9 -> 2.8607586 | Q9: =H9/V9 -> -0.013282423 | R9: 2.8376 | S9: 2.8772 | T9: 3252 | U9: 4.4447878e+09 | V9: 4.4368825e+09
A10: 6 | B10: Cowry Equity Fund | C10: Cowry Treasurers Limited | D10: 7.523129e+08 | E10: 3374207.8 | F10: 2.0307056e+08 | G10: 1164315.2 | H10: =(E10+F10)-G10 -> 2.0528046e+08 | I10: 7.462649e+08 | J10: =(I10/$I$25) -> 0.0030915849 | K10: 7.4587336e+08 | L10: =(K10/$K$25) -> 0.0031912736 | M10: =((K10-I10)/I10) -> -0.00052466684 | N10: =(G10/K10) -> 0.0015610093 | O10: =H10/K10 -> 0.2752216 | P10: =K10/V10 -> 335.56552 | Q10: =H10/V10 -> 92.354877 | R10: 335.57 | S10: 339.66 | T10: 212 | U10: 2231366.3 | V10: 2222735.4
A11: 7 | B11: FCMBAM Equity Fund | C11: First City Asset Management Plc | D11: 4.2454238e+09 | E11: 13603492 | G11: 7379744.5 | H11: =(E11+F11)-G11 -> 6223747.6 | I11: 4253936501 | J11: =(I11/$I$25) -> 0.017622973 | K11: 4.2463288e+09 | L11: =(K11/$K$25) -> 0.018168228 | M11: =((K11-I11)/I11) -> -0.0017883963 | N11: =(G11/K11) -> 0.0017379117 | O11: =H11/K11 -> 0.0014656773 | P11: =K11/V11 -> 8.2941837 | Q11: =H11/V11 -> 0.012156597 | R11: 8.19 | S11: 8.35 | T11: 3880 | U11: 514791810 | V11: 5.1196464e+08
A12: 8 | B12: First Asset Nigeria Smart Beta Equity Fund | C12: FBN Capital Asset Mgt | D12: 6.9362557e+09 | E12: 20152274 | F12: -1.2874608e+08 | G12: 11608181 | H12: =(E12+F12)-G12 -> -1.2020199e+08 | I12: 6.7774413e+09 | J12: =(I12/$I$25) -> 0.028077209 | K12: 6.8503786e+09 | L12: =(K12/$K$25) -> 0.029309845 | M12: =((K12-I12)/I12) -> 0.010761771 | N12: =(G12/K12) -> 0.0016945314 | O12: =H12/K12 -> -0.017546766 | P12: =K12/V12 -> 595.4792 | Q12: =H12/V12 -> -10.448734 | R12: 595.48 | S12: 603.99 | T12: 3036 | U12: 11221946 | V12: 11503976
A13: 9 | B13: Frontier Fund | C13: SCM Capital Limited | D13: 6.6583827e+08 | E13: 2622947 | F13: 6156100.3 | G13: 1934957.3 | H13: =(E13+F13-G13) -> 6844090 | I13: 6.1081576e+08 | J13: =(I13/$I$25) -> 0.0025304537 | K13: 6.3663545e+08 | L13: =(K13/$K$25) -> 0.0027238912 | M13: =((K13-I13)/I13) -> 0.042270829 | N13: =(G13/K13) -> 0.003039349 | O13: =H13/K13 -> 0.010750407 | P13: =K13/V13 -> 317.22647 | Q13: =H13/V13 -> 3.4103135 | R13: 317.23 | S13: 329.8 | T13: 2475 | U13: 2006880 | V13: 2006880
A14: 10 | B14: Futureview Equity Fund | C14: Futureview Asset Management Limited | D14: 2.0637074e+08 | E14: 2448319.8 | F14: 39770471 | G14: 4413751.8 | H14: =(E14+F14)-G14 -> 37805040 | I14: 2.25997e+08 | J14: =(I14/$I$25) -> 0.00093624784 | K14: 2.0826353e+08 | L14: =(K14/$K$25) -> 0.00089107072 | M14: =((K14-I14)/I14) -> -0.078467693 | N14: =(G14/K14) -> 0.021193109 | O14: =H14/K14 -> 0.18152501 | P14: =K14/V14 -> 519.78574 | Q14: =H14/V14 -> 94.35411 | R14: 510.78 | S14: 527.46 | T14: 74 | U14: 395041.66 | V14: 400671.89
A15: 11 | B15: Guaranty Trust Equity Income Fund | C15: Guaranty Trust Fund Managers Limited | D15: 1.9683238e+10 | E15: 60518536 | F15: -1.5078368e+08 | G15: 35493017 | H15: =(E15+F15)-G15 -> -1.2575817e+08 | I15: 2.0087605e+10 | J15: =(I15/$I$25) -> 0.083217817 | K15: 1.9446443e+10 | L15: =(K15/$K$25) -> 0.083203025 | M15: =((K15-I15)/I15) -> -0.031918285 | N15: =(G15/K15) -> 0.0018251676 | O15: =H15/K15 -> -0.0064668981 | P15: =K15/V15 -> 5.3877117 | Q15: =H15/V15 -> -0.034841783 | R15: 5.48 | S15: 5.57 | T15: 18603 | U15: 3.6278956e+09 | V15: 3.6094067e+09
A16: 12 | B16: Halo Equity Fund | C16: Halo Nigeria Capital Management Limited | D16: 3.7748907e+08 | E16: 5789412.1 | F16: 0 | G16: 853584.8 | H16: =(E16+F16)-G16 -> 4935827.3 | I16: 5.7362735e+08 | J16: =(I16/$I$25) -> 0.0023763916 | K16: 4.4345987e+08 | L16: =(K16/$K$25) -> 0.0018973754 | M16: =((K16-I16)/I16) -> -0.22691994 | N16: =(G16/K16) -> 0.0019248299 | O16: =H16/K16 -> 0.011130268 | P16: =K16/V16 -> 45.707075 | Q16: =H16/V16 -> 0.50873201 | R16: 45.707075 | S16: 46.021802 | T16: 195 | U16: 12417503 | V16: 9702215
A17: 13 | B17: Meristem Equity Market Fund | C17: Meristem Wealth Management Limited | D17: 9.7524534e+09 | E17: 62612738 | F17: -1.2837331e+08 | G17: 13741706 | H17: =(E17+F17)-G17 -> -79502281 | I17: 1.0402618e+10 | J17: =(I17/$I$25) -> 0.043095389 | K17: 9.8160448e+09 | L17: =(K17/$K$25) -> 0.041998664 | M17: =((K17-I17)/I17) -> -0.056387054 | N17: =(G17/K17) -> 0.0013999229 | O17: =H17/K17 -> -0.0080992175 | P17: =K17/V17 -> 46.315823 | Q17: =H17/V17 -> -0.37512192 | R17: 46.14 | S17: 46.3 | T17: 2373 | U17: 2.142968e+08 | V17: 2.1193718e+08
A18: 14 | B18: Pacam Equity Fund | C18: PAC Asset Management Ltd. | D18: 4.0874384e+08 | E18: 3662447.1 | F18: 1.5348233e+08 | G18: 585271.34 | H18: =(E18+F18)-G18 -> 1.565595e+08 | I18: 4.0214421e+08 | J18: =(I18/$I$25) -> 0.0016659808 | K18: 4.2288264e+08 | L18: =(K18/$K$25) -> 0.0018093342 | M18: =((K18-I18)/I18) -> 0.051569627 | N18: =(G18/K18) -> 0.0013840042 | O18: =H18/K18 -> 0.37021974 | P18: =K18/V18 -> 3.1012118 | Q18: =H18/V18 -> 1.1481298 | R18: 2.91 | S18: 2.95 | T18: 51 | U18: 132338031 | V18: 136360452
A19: 15 | B19: Paramount Equity Fund | C19: Chapel Hill Denham Mgt. Limited | D19: 2.2841171e+10 | E19: 4.2443274e+08 | F19: -10903124 | G19: 38035520 | H19: =(E19+F19)-G19 -> 3.7549409e+08 | I19: 2.2829064e+10 | J19: =(I19/$I$25) -> 0.094574983 | K19: 2.2762974e+10 | L19: =(K19/$K$25) -> 0.097393044 | M19: =((K19-I19)/I19) -> -0.0028950105 | N19: =(G19/K19) -> 0.0016709381 | O19: =H19/K19 -> 0.016495828 | P19: =K19/V19 -> 72.153618 | Q19: =H19/V19 -> 1.1902337 | R19: 72.1536 | S19: 72.4015 | T19: 18305 | U19: 321921486 | V19: 315479310
A20: 16 | B20: Stanbic IBTC Aggressive Fund (Sub Fund) | C20: Stanbic IBTC Asset Mgt. Limited | D20: 4.196517e+09 | E20: 73097073 | F20: -1.9694833e+08 | G20: 7991363.5 | H20: =(E20+F20)-G20 -> -1.3184262e+08 | I20: 4.5342563e+09 | J20: =(I20/$I$25) -> 0.018784266 | K20: 4.2505475e+09 | L20: =(K20/$K$25) -> 0.018186277 | M20: =((K20-I20)/I20) -> -0.062570086 | N20: =(G20/K20) -> 0.0018800786 | O20: =H20/K20 -> -0.031017797 | P20: =K20/V20 -> 17413.094 | Q20: =H20/V20 -> -540.1158 | R20: 17260 | S20: 17518.02 | T20: 90 | U20: 258020.14 | V20: 244100.65
A21: 17 | B21: Stanbic IBTC Nigerian Equity Fund | C21: Stanbic IBTC Asset Mgt. Limited | D21: 6.6604044e+10 | E21: 6.2747228e+08 | F21: -2.0324812e+09 | G21: 2.262862e+08 | H21: =(E21+F21)-G21 -> -1.6312951e+09 | I21: 6.9457052e+10 | J21: =(I21/$I$25) -> 0.28774283 | K21: 6.6267321e+10 | L21: =(K21/$K$25) -> 0.28352957 | M21: =((K21-I21)/I21) -> -0.045923794 | N21: =(G21/K21) -> 0.003414748 | O21: =H21/K21 -> -0.024616886 | P21: =K21/V21 -> 61284.706 | Q21: =H21/V21 -> -1508.6386 | R21: 60801.62 | S21: 61615.8 | T21: 35322 | U21: 1121465.3 | V21: 1081302.8
A22: 18 | B22: United Capital Equity Fund | C22: United Capital Asset Mgt. Ltd | D22: 15122804012 | E22: 56404238 | F22: -249624069 | G22: 26351788 | H22: =(E22+F22)-G22 -> -219571619 | I22: 1.65738e+10 | J22: =(I22/$I$25) -> 0.06866102 | K22: 15749755199 | L22: =(K22/$K$25) -> 0.067386477 | M22: =((K22-I22)/I22) -> -0.049719707 | N22: =(G22/K22) -> 0.0016731554 | O22: =H22/K22 -> -0.013941272 | P22: =K22/V22 -> 2.433101 | Q22: =H22/V22 -> -0.033920523 | R22: 2.43 | S22: 2.43 | T22: 5110 | U22: 6.796236e+09 | V22: 6.4731201e+09
A23: 19 | B23: Zedcrest Equity Fund | C23: Zedcrest Investment Managers Limited | D23: 9.9300428e+09 | E23: 1.0610376e+08 | G23: 25248903 | H23: =(E23+F23)-G23 -> 80854861 | I23: 1.018133e+10 | J23: =(I23/$I$25) -> 0.042178649 | K23: 9.9130814e+09 | L23: =(K23/$K$25) -> 0.042413842 | M23: =((K23-I23)/I23) -> -0.026347065 | N23: =(G23/K23) -> 0.0025470287 | O23: =H23/K23 -> 0.0081563802 | P23: =K23/V23 -> 1.8866547 | Q23: =H23/V23 -> 0.015388273 | R23: 1.8867 | S23: 1.9127 | T23: 1628 | U23: 5313361280 | V23: 5254316886
A24: 20 | B24: Zrosk Magna Equity Fund | C24: Zrosk Investment Management Limited | D24: 2.3436708e+10 | E24: 143953172 | F24: -1.845033e+08 | G24: 48530752 | H24: =(E24+F24)-G24 -> -89080878 | I24: 23861614182 | J24: =(I24/$I$25) -> 0.098852574 | K24: 23389475181 | L24: =(K24/$K$25) -> 0.10007358 | M24: =((K24-I24)/I24) -> -0.019786549 | N24: =(G24/K24) -> 0.002074897 | O24: =H24/K24 -> -0.0038085882 | P24: =K24/V24 -> 353.39535 | Q24: =H24/V24 -> -1.3459374 | R24: 349.94 | S24: 355.79 | T24: 192 | U24: 67344372 | V24: 66185011
A25: Sub Total | I25: =SUM(I5:I24) -> 2.4138587e+11 | J25: =(I25/$I$249) -> 0.025545109 | K25: =SUM(K5:K24) -> 2.3372279e+11 | L25: =(K25/$K$249) -> 0.024418287 | M25: =((K25-I25)/I25) -> -0.031746178 | T25: =SUM(T5:T24) -> 113122
A27: MONEY MARKET FUNDS
A28: 21 | B28: Afrinvest Plutus Fund | C28: Afrinvest Asset Management Ltd. | D28: 7.0327207e+09 | E28: 1.0322229e+08 | F28: 0 | G28: 12603778 | H28: =(E28+F28)-G28 -> 90618513 | I28: 6.6500657e+09 | J28: =(I28/$I$76) -> 0.0010617826 | K28: 6.8518548e+09 | L28: =(K28/$K$76) -> 0.001062544 | M28: =((K28-I28)/I28) -> 0.030343921 | N28: =(G28/K28) -> 0.0018394695 | O28: =H28/K28 -> 0.013225399 | P28: =K28/V28 -> 100.26823 | Q28: =H28/V28 -> 1.3260873 | R28: 100 | S28: 100 | T28: 935 | U28: 66342094 | V28: 68335253
A29: 22 | B29: AIICO Money Market Fund | C29: AIICO Capital Ltd | D29: 4.6387688e+10 | E29: 8.3819293e+08 | F29: 0 | G29: 77098158 | H29: =(E29+F29)-G29 -> 7.6109477e+08 | I29: 4.7126225e+10 | J29: =(I29/$I$76) -> 0.0075244076 | K29: 4.7599368e+10 | L29: =(K29/$K$76) -> 0.0073814208 | M29: =((K29-I29)/I29) -> 0.010039923 | N29: =(G29/K29) -> 0.0016197307 | O29: =H29/K29 -> 0.015989598 | P29: =K29/V29 -> 102.87407 | Q29: =H29/V29 -> 1.6449151 | R29: 100 | S29: 100 | T29: 5611 | U29: 4.64602e+08 | V29: 4.6269548e+08
A30: 23 | B30: Alpha10 Money Market Fund | C30: Alpha10 Fund Management Limited | D30: 1.5348978e+09 | E30: 36656470 | F30: 0 | G30: 4092848.8 | H30: =(E30+F30)-G30 -> 32563621 | I30: 2.3790795e+09 | J30: =(I30/$I$76) -> 0.00037985568 | K30: 2.126484e+09 | L30: =(K30/$K$76) -> 0.00032976221 | M30: =((K30-I30)/I30) -> -0.10617364 | N30: =(G30/K30) -> 0.0019247024 | O30: =H30/K30 -> 0.015313363 | P30: =K30/V30 -> 0.99620654 | Q30: =H30/V30 -> 0.015255273 | R30: 1 | S30: 1 | T30: 306 | U30: 2416993042 | V30: 2134581426
A31: 24 | B31: Anchoria Money Market Fund | C31: Anchoria Asset Management Limited | D31: 4.3561916e+09 | E31: 62554628 | F31: 0 | G31: 5435750.1 | H31: =(E31+F31)-G31 -> 57118878 | I31: 3942857830 | J31: =(I31/$I$76) -> 0.00062953631 | K31: 4.4416672e+09 | L31: =(K31/$K$76) -> 0.00068878676 | M31: =((K31-I31)/I31) -> 0.1265096 | N31: =(G31/K31) -> 0.0012238085 | O31: =H31/K31 -> 0.012859783 | P31: =K31/V31 -> 122.80471 | Q31: =H31/V31 -> 1.5792419 | R31: 100 | S31: 100 | T31: 2403 | U31: 31618242 | V31: 36168541
A32: 25 | B32: Apel Wealth Money Market Fund | C32: Apel Wealth Management Limited | D32: 8.3631339e+08 | E32: 54776496 | F32: 0 | G32: 5190188.4 | H32: =(E32+F32)-G32 -> 49586307 | I32: 1.5904129e+09 | J32: =(I32/$I$76) -> 0.00025393324 | K32: 1.9256429e+09 | L32: =(K32/$K$76) -> 0.00029861699 | M32: =((K32-I32)/I32) -> 0.21078173 | N32: =(G32/K32) -> 0.0026953017 | O32: =H32/K32 -> 0.025750521 | P32: =K32/V32 -> 100 | Q32: =H32/V32 -> 2.5750521 | R32: 100 | S32: 100 | T32: 218 | U32: 15904129 | V32: 19256429
A33: 26 | B33: ARM Money Market Fund | C33: ARM Investment Managers Limited | D33: 219022405684 | E33: 6926549223 | F33: 0 | G33: 6926549223 | H33: =(E33+F33)-G33 -> 0 | I33: 440926525045 | J33: =(I33/$I$76) -> 0.070400524 | K33: 444879171839 | L33: =(K33/$K$76) -> 0.068989158 | M33: =((K33-I33)/I33) -> 0.0089644115 | N33: =(G33/K33) -> 0.015569507 | O33: =H33/K33 -> 0 | P33: =K33/V33 -> 1 | Q33: =H33/V33 -> 0 | R33: 1 | S33: 1 | T33: 89834 | U33: 440926525045 | V33: 444879171839
A34: 27 | B34: AVA GAM Money Market Fund | C34: AVA Global Asset Managers Limited | D34: 1.407548e+09 | E34: 42385363 | F34: 0 | G34: 4985472.2 | H34: =(E34+F34)-G34 -> 37399891 | I34: 2.1945126e+09 | J34: =(I34/$I$76) -> 0.0003503868 | K34: 2.2966351e+09 | L34: =(K34/$K$76) -> 0.00035614821 | M34: =((K34-I34)/I34) -> 0.04653539 | N34: =(G34/K34) -> 0.0021707725 | O34: =H34/K34 -> 0.016284647 | P34: =K34/V34 -> 0.91647041 | Q34: =H34/V34 -> 0.014924397 | R34: 1 | S34: 1 | T34: 457 | U34: 2379663600 | V34: 2505956600
A35: 28 | B35: AXA Mansard Money Market Fund | C35: AXA Mansard Investments Limited | D35: 6.538134e+10 | E35: 2.6137872e+09 | F35: 0 | G35: 2.4787837e+08 | H35: =(E35+F35)-G35 -> 2.3659089e+09 | I35: 1.8080667e+11 | J35: =(I35/$I$76) -> 0.028868493 | K35: 1.7924705e+11 | L35: =(K35/$K$76) -> 0.027796544 | M35: =((K35-I35)/I35) -> -0.0086258973 | N35: =(G35/K35) -> 0.0013828867 | O35: =H35/K35 -> 0.013199151 | P35: =K35/V35 -> 1.0259286 | Q35: =H35/V35 -> 0.013541386 | R35: 1 | S35: 1 | T35: 42410 | U35: 1.7852458e+11 | V35: 1.747169e+11
A36: 29 | B36: CardinalStone Money Market Fund | C36: CardinalStone Asset Mgt. Limited | D36: 3.8612968e+10 | E36: 5.5819408e+08 | F36: 0 | G36: 48273555 | H36: =(E36+F36)-G36 -> 5.0992052e+08 | I36: 3.7081763e+10 | J36: =(I36/$I$76) -> 0.0059206588 | K36: 3.8551975e+10 | L36: =(K36/$K$76) -> 0.005978406 | M36: =((K36-I36)/I36) -> 0.039647856 | N36: =(G36/K36) -> 0.0012521681 | O36: =H36/K36 -> 0.013226833 | P36: =K36/V36 -> 1 | Q36: =H36/V36 -> 0.013226833 | R36: 1 | S36: 1 | T36: 2663 | U36: 3.7074663e+10 | V36: 3.8551975e+10
A37: 30 | B37: Chapel Hill Denham Money Market Fund | C37: Chapel Hill Denham Mgt. Limited | D37: 4.8631001e+10 | E37: 6.7637778e+08 | F37: 0 | G37: 79871284 | H37: =(E37+F37)-G37 -> 5.9650649e+08 | I37: 4.4270744e+10 | J37: =(I37/$I$76) -> 0.0070684873 | K37: 4.7345119e+10 | L37: =(K37/$K$76) -> 0.0073419934 | M37: =((K37-I37)/I37) -> 0.069444857 | N37: =(G37/K37) -> 0.0016870014 | O37: =H37/K37 -> 0.012599113 | P37: =K37/V37 -> 100.00024 | Q37: =H37/V37 -> 1.2599143 | R37: 100 | S37: 100 | T37: 12991 | U37: 4.4270628e+08 | V37: 4.7345004e+08
A38: 31 | B38: Comercio Partners Money Market Fund | C38: Comercio Partners Asset Management Limited | D38: 4.019821e+09 | E38: 1.4460254e+08 | F38: 0 | G38: 4967579.3 | H38: =(E38+F38)-G38 -> 1.3963496e+08 | I38: 3.4700593e+09 | J38: =(I38/$I$76) -> 0.00055404695 | K38: 3.8766754e+09 | L38: =(K38/$K$76) -> 0.00060117127 | M38: =((K38-I38)/I38) -> 0.11717842 | N38: =(G38/K38) -> 0.0012814019 | O38: =H38/K38 -> 0.036019255 | P38: =K38/V38 -> 0.99559345 | Q38: =H38/V38 -> 0.035860534 | R38: 1 | S38: 1 | T38: 892 | U38: 3.4711144e+09 | V38: 3.8938338e+09
A39: 32 | B39: Coral Money Market Fund | C39: FSDH Asset Management Ltd | D39: 1.1714663e+11 | E39: 1.7105555e+09 | F39: 0 | G39: 1.824943e+08 | H39: =(E39+F39)-G39 -> 1.5280612e+09 | I39: 1.0613801e+11 | J39: =(I39/$I$76) -> 0.016946523 | K39: 1.1360413e+11 | L39: =(K39/$K$76) -> 0.017617039 | M39: =((K39-I39)/I39) -> 0.070343556 | N39: =(G39/K39) -> 0.0016064054 | O39: =H39/K39 -> 0.013450754 | P39: =K39/V39 -> 100 | Q39: =H39/V39 -> 1.3450754 | R39: 100 | S39: 100 | T39: 6679 | U39: 1.0613801e+09 | V39: 1.1360413e+09
... A52: 45 | B52: Greenwich Plus Money Market | C52: Greenwich Asst Management Ltd | D52: 4.1694855e+09 | E52: 5.2155483e+08 | F52: 0 | G52: 27052965 | H52: =(E52+F52)-G52 -> 4.9450186e+08 | I52: 1.4913289e+10 | J52: =(I52/$I$76) -> 0.00238113 | K52: 1.5636231e+10 | L52: =(K52/$K$76) -> 0.0024247717 | M52: =((K52-I52)/I52) -> 0.04847636 | N52: =(G52/K52) -> 0.0017301461 | O52: =H52/K52 -> 0.031625387 | P52: =K52/V52 -> 100.1048 | Q52: =H52/V52 -> 3.1658531 | R52: 100 | S52: 100 | T52: 1163 | U52: 151395356 | V52: 156198611
A53: 46 | B53: GTI Money Market Fund | C53: GTI Asset Management & Trust Limited | D53: 2.2161361e+08 | E53: 3315571 | F53: 0 | G53: 329897.78 | H53: 2221712.9 | I53: 2.4038971e+08 | J53: =(I53/$I$76) -> 3.8381817e-05 | K53: 2.8909002e+08 | L53: =(K53/$K$76) -> 4.4830323e-05 | M53: =((K53-I53)/I53) -> 0.202589 | N53: =(G53/K53) -> 0.0011411594 | O53: =H53/K53 -> 0.007685194 | P53: =K53/V53 -> 1.585819 | Q53: =H53/V53 -> 0.012187327 | R53: 1.16 | S53: 1.16 | T53: 166 | U53: 2.2555129e+08 | V53: 1.8229698e+08
A54: 47 | B54: Guaranty Trust Investment Fund 724 | C54: Guaranty Trust Fund Managers Limited | D54: 6.5118213e+09 | E54: 94620179 | F54: 0 | G54: 7590793.1 | H54: =(E54+F54)-G54 -> 87029386 | I54: 5.7397607e+09 | J54: =(I54/$I$76) -> 0.00091643877 | K54: 6.5785624e+09 | L54: =(K54/$K$76) -> 0.0010201635 | M54: =((K54-I54)/I54) -> 0.14613879 | N54: =(G54/K54) -> 0.0011538681 | O54: =H54/K54 -> 0.013229241 | P54: =K54/V54 -> 100 | Q54: =H54/V54 -> 1.3229241 | R54: 100 | S54: 100 | T54: 27437 | U54: 57397607 | V54: 65785624
A55: 48 | B55: Guaranty Trust Money Market Fund | C55: Guaranty Trust Fund Managers Limited | D55: 6.2643518e+11 | E55: 9.516842e+09 | F55: 0 | G55: 7.3342101e+08 | H55: =(E55+F55)-G55 -> 8.783421e+09 | I55: 5.8146161e+11 | J55: =(I55/$I$76) -> 0.092839055 | K55: 6.091368e+11 | L55: =(K55/$K$76) -> 0.094461233 | M55: =((K55-I55)/I55) -> 0.047595892 | N55: =(G55/K55) -> 0.0012040333 | O55: =H55/K55 -> 0.014419456 | P55: =K55/V55 -> 100 | Q55: =H55/V55 -> 1.4419456 | R55: 100 | S55: 100 | T55: 64572 | U55: 5.8146161e+09 | V55: 6.091368e+09
A56: 49 | B56: Mango Naira Money Maket Fund | C56: Mango Asset Management Limited | D56: 3.1348935e+09 | E56: 1.1068024e+08 | G56: 1.1068024e+08 | H56: =(E56+F56)-G56 -> -0.059999987 | I56: 6.8664052e+09 | J56: =(I56/$I$76) -> 0.0010963244 | K56: 7.0006145e+09 | L56: =(K56/$K$76) -> 0.0010856128 | M56: =((K56-I56)/I56) -> 0.019545788 | N56: =(G56/K56) -> 0.015810074 | O56: =H56/K56 -> -8.5706743e-12 | P56: =K56/V56 -> 100 | Q56: =H56/V56 -> -8.5706743e-10 | R56: 100 | S56: 100 | T56: 1195 | U56: 68658367 | V56: 70006145
A57: 50 | B57: Meristem Money Market Fund | C57: Meristem Wealth Management Limited | D57: 1.3467737e+11 | E57: 1.98055e+09 | F57: 0 | G57: 1.8672354e+08 | H57: =(E57+F57)-G57 -> 1.7938265e+09 | I57: 1.2264484e+11 | J57: =(I57/$I$76) -> 0.019582085 | K57: 1.3520511e+11 | L57: =(K57/$K$76) -> 0.020966786 | M57: =((K57-I57)/I57) -> 0.10241174 | N57: =(G57/K57) -> 0.0013810391 | O57: =H57/K57 -> 0.013267446 | P57: =K57/V57 -> 10.01346 | Q57: =H57/V57 -> 0.13285304 | R57: 10 | S57: 10 | T57: 12623 | U57: 1.2832039e+10 | V57: 1.3502336e+10
A58: 51 | B58: Myrtle Nest(MyNest Money Market Fund) | C58: Myrtle Asset Management and Trust Limited | D58: 7.8326129e+08 | E58: 17162198 | F58: 0 | G58: 14195705 | H58: =(E58+F58)-G58 -> 2966492.9 | I58: 6.523835e+08 | J58: =(I58/$I$76) -> 0.0001041628 | K58: 7.9275815e+08 | L58: =(K58/$K$76) -> 0.00012293612 | M58: =((K58-I58)/I58) -> 0.21517198 | N58: =(G58/K58) -> 0.017906728 | O58: =H58/K58 -> 0.0037419898 | P58: =K58/V58 -> 1 | Q58: =H58/V58 -> 0.0037419898 | R58: 1 | S58: 1 | T58: 402 | U58: 6.421514e+08 | V58: 7.9275815e+08
A59: 52 | B59: Norrenberger Money Market Fund | C59: Norrenberger Investment and Capital Mgt Limited | D59: 50653979370 | E59: 8.1777859e+08 | F59: -32670968 | G59: 63807699 | H59: =(E59+F59)-G59 -> 7.2129992e+08 | I59: 49021518348 | J59: =(I59/$I$76) -> 0.0078270196 | K59: 4.9691493e+10 | L59: =(K59/$K$76) -> 0.0077058547 | M59: =((K59-I59)/I59) -> 0.013666942 | N59: =(G59/K59) -> 0.0012840769 | O59: =H59/K59 -> 0.014515562 | P59: =K59/V59 -> 100 | Q59: =H59/V59 -> 1.4515562 | R59: 100 | S59: 100 | T59: 7341 | U59: 490215183 | V59: 496914926
A60: 53 | B60: NOVA Prime Money Market Fund | C60: NOVAMBL Asset Management Limited | D60: 2.9549554e+08 | E60: 7897799.5 | F60: 0 | G60: 70361.5 | H60: =(E60+F60)-G60 -> 7827438 | I60: 2.0064495e+08 | J60: =(I60/$I$76) -> 3.2035971e-05 | K60: 2.7997628e+08 | L60: =(K60/$K$76) -> 4.341702e-05 | M60: =((K60-I60)/I60) -> 0.39538163 | N60: =(G60/K60) -> 0.00025131236 | O60: =H60/K60 -> 0.027957504 | P60: =K60/V60 -> 1.0020472 | Q60: =H60/V60 -> 0.02801474 | R60: 1.01 | S60: 1.01 | T60: 151 | U60: 198814274 | V60: 279404274
A61: 54 | B61: PACAM Money Market Fund | C61: PAC Asset Management Ltd. | D61: 3.1396326e+09 | E61: 83896731 | F61: 0 | G61: 4178410.2 | H61: =(E61+F61)-G61 -> 79718320 | I61: 3.0839791e+09 | J61: =(I61/$I$76) -> 0.00049240345 | K61: 3.1904829e+09 | L61: =(K61/$K$76) -> 0.0004947607 | M61: =((K61-I61)/I61) -> 0.034534531 | N61: =(G61/K61) -> 0.0013096482 | O61: =H61/K61 -> 0.024986287 | P61: =K61/V61 -> 10.598926 | Q61: =H61/V61 -> 0.26482779 | R61: 10 | S61: 10 | T61: 1082 | U61: 2.9833717e+08 | V61: 3.0101946e+08
A62: 55 | B62: Page Money Market Fund | C62: Page Asset Management Limited | D62: 1.0893295e+09 | E62: 39249822 | F62: 0 | G62: 3868315.8 | H62: =(E62+F62)-G62 -> 35381507 | I62: 1700540419 | J62: =(I62/$I$76) -> 0.00027151675 | K62: 2345563627 | L62: =(K62/$K$76) -> 0.00036373575 | M62: =((K62-I62)/I62) -> 0.37930484 | N62: =(G62/K62) -> 0.0016492052 | O62: =H62/K62 -> 0.015084437 | P62: =K62/V62 -> 1 | Q62: =H62/V62 -> 0.015084437 | R62: 1 | S62: 1 | T62: 331 | U62: 2426699625 | V62: 2345563627
A63: 56 | B63: Parthian Money Market Fund | C63: Parthian Capital Ltd. | D63: 2.0677604e+09 | E63: 36857302 | F63: 0 | G63: 3550595.1 | H63: =(E63+F63)-G63 -> 33306707 | I63: 2.3671036e+09 | J63: =(I63/$I$76) -> 0.00037794354 | K63: 2.8465453e+09 | L63: =(K63/$K$76) -> 0.00044142494 | M63: =((K63-I63)/I63) -> 0.20254361 | N63: =(G63/K63) -> 0.0012473348 | O63: =H63/K63 -> 0.011700747 | P63: =K63/V63 -> 1 | Q63: =H63/V63 -> 0.011700747 | R63: 1 | S63: 1 | T63: 3992 | U63: 2.3671036e+09 | V63: 2.8465453e+09
A64: 57 | B64: Radix Money Market Fund | C64: Radix Capital Partners Limited | D64: =180838809.93+229402587.97 -> 4.102414e+08 | E64: 5379834 | F64: 0 | G64: 548111.87 | H64: =(E64+F64)-G64 -> 4831722.1 | I64: 3.7178291e+08 | J64: =(I64/$I$76) -> 5.9360709e-05 | K64: 4.0648924e+08 | L64: =(K64/$K$76) -> 6.3035881e-05 | M64: =((K64-I64)/I64) -> 0.093351081 | N64: =(G64/K64) -> 0.0013484044 | O64: =H64/K64 -> 0.01188647 | P64: =K64/V64 -> 1.0005964 | Q64: =H64/V64 -> 0.011893559 | R64: 1 | S64: 1 | T64: =47+6+53 -> 106 | U64: 3.7156528e+08 | V64: 4.0624696e+08
A65: 58 | B65: RMBN Money Market Fund | C65: RMB Nigeria Asset Management Ltd. | D65: 3.3492514e+10 | E65: 445706570 | F65: 0 | G65: 35345984 | H65: =(E65+F65)-G65 -> 4.1036059e+08 | I65: 2.5590361e+10 | J65: =(I65/$I$76) -> 0.0040858844 | K65: 3.4585193e+10 | L65: =(K65/$K$76) -> 0.0053632615 | M65: =((K65-I65)/I65) -> 0.35149295 | N65: =(G65/K65) -> 0.0010219976 | O65: =H65/K65 -> 0.01186521 | P65: =K65/V65 -> 99.99768 | Q65: =H65/V65 -> 1.1864935 | R65: 100 | S65: 100 | T65: 211 | U65: 3.42487e+08 | V65: 3.4585995e+08
A66: 59 | B66: RT Briscoe Savings & Investment Fund | C66: DLM Asset Management Limited | D66: 5.4637634e+08 | E66: 9243275.3 | F66: 0 | G66: 577823.74 | H66: =(E66+F66)-G66 -> 8665451.6 | I66: 498378500 | J66: =(I66/$I$76) -> 7.9573592e-05 | K66: 514493500 | L66: =(K66/$K$76) -> 7.9784525e-05 | M66: =((K66-I66)/I66) -> 0.032334862 | N66: =(G66/K66) -> 0.0011230924 | O66: =H66/K66 -> 0.016842684 | P66: =K66/V66 -> 1000 | Q66: =H66/V66 -> 16.842684 | R66: 1000 | S66: 1000 | T66: 72 | U66: 498378.5 | V66: 514493.5
A67: 60 | B67: SCM Capital Money Market Fund | C67: SCM Capital Limited | D67: 3.6886695e+09 | E67: 40146366 | F67: 0 | G67: 50109055 | H67: =(E67+F67)-G67 -> -9962688.8 | I67: 3.0035919e+09 | J67: =(I67/$I$76) -> 0.00047956843 | K67: 3.2606538e+09 | L67: =(K67/$K$76) -> 0.00050564238 | M67: =((K67-I67)/I67) -> 0.08558485 | N67: =(G67/K67) -> 0.015367793 | O67: =H67/K67 -> -0.0030554267 | P67: =K67/V67 -> 1.0839951 | Q67: =H67/V67 -> -0.0033120676 | R67: 1 | S67: 1 | T67: 3112 | U67: 3204269000 | V67: 3.0079968e+09
A68: 61 | B68: Stanbic IBTC Money Market Fund | C68: Stanbic IBTC Asset Mgt. Limited | D68: 3.0651596e+12 | E68: 4.4515648e+10 | F68: 0 | G68: 4.9370873e+09 | H68: =(E68+F68)-G68 -> 3.957856e+10 | I68: 2.9704124e+12 | J68: =(I68/$I$76) -> 0.47427082 | K68: 3.0577282e+12 | L68: =(K68/$K$76) -> 0.47417391 | M68: =((K68-I68)/I68) -> 0.029395198 | N68: =(G68/K68) -> 0.0016146259 | O68: =H68/K68 -> 0.01294378 | P68: =K68/V68 -> 1 | Q68: =H68/V68 -> 0.01294378 | R68: 100 | S68: 100 | T68: 372941 | U68: 2.9704124e+12 | V68: 3.0577282e+12
A69: 62 | B69: STL Money Market Fund | C69: STL Asset Mgt. Limited | D69: 8.2175447e+09 | E69: 1.05147e+09 | F69: 0 | G69: 92437158 | H69: =(E69+F69)-G69 -> 9.5903283e+08 | I69: 1.6387797e+10 | J69: =(I69/$I$76) -> 0.0026165573 | K69: 1.9328113e+10 | L69: =(K69/$K$76) -> 0.0029972864 | M69: =((K69-I69)/I69) -> 0.17942108 | N69: =(G69/K69) -> 0.0047825236 | O69: =H69/K69 -> 0.049618543 | P69: =K69/V69 -> 100 | Q69: =H69/V69 -> 4.9618543 | R69: 100 | S69: 100 | T69: 1875 | U69: 1.8768248e+08 | V69: 1.9328113e+08
A70: 63 | B70: Trustbanc Money Market Fund | C70: Trustbanc Asset Management Limited | D70: 2.0576248e+10 | E70: 3.396872e+08 | F70: 0 | G70: 30422553 | H70: =(E70+F70)-G70 -> 3.0926464e+08 | I70: 1.813142e+10 | J70: =(I70/$I$76) -> 0.0028949527 | K70: 2.0673162e+10 | L70: =(K70/$K$76) -> 0.0032058683 | M70: =((K70-I70)/I70) -> 0.14018437 | N70: =(G70/K70) -> 0.0014715965 | O70: =H70/K70 -> 0.014959717 | P70: =K70/V70 -> 1.0284279 | Q70: =H70/V70 -> 0.01538499 | R70: 1 | S70: 1 | T70: 1103 | U70: 1.7855159e+10 | V70: 2.0101712e+10
A71: 64 | B71: United Capital Money Market Fund | C71: United Capital Asset Mgt. Ltd | D71: 7.4611623e+10 | E71: 3.9545087e+09 | F71: 0 | G71: -3.0974812e+08 | H71: =(E71+F71)-G71 -> 4.2642568e+09 | I71: 2.6154369e+11 | J71: =(I71/$I$76) -> 0.041759367 | K71: 2.7507596e+11 | L71: =(K71/$K$76) -> 0.042657108 | M71: =((K71-I71)/I71) -> 0.051739995 | N71: =(G71/K71) -> -0.0011260458 | O71: =H71/K71 -> 0.015502107 | P71: =K71/V71 -> 1.0198024 | Q71: =H71/V71 -> 0.015809085 | R71: 1 | S71: 1 | T71: 21539 | U71: 2.5945625e+11 | V71: 2.6973458e+11
A72: 65 | B72: ValuAlliance Money Market Fund | C72: ValuAlliance Asset Management Limited | D72: 1.7018976e+09 | E72: 55803219 | F72: 0 | G72: 7701183.7 | H72: =(E72+F72)-G72 -> 48102036 | I72: 3.7428566e+09 | J72: =(I72/$I$76) -> 0.00059760311 | K72: 3.6137551e+09 | L72: =(K72/$K$76) -> 0.00056039918 | M72: =((K72-I72)/I72) -> -0.034492779 | N72: =(G72/K72) -> 0.0021310752 | O72: =H72/K72 -> 0.013310818 | P72: =K72/V72 -> 1.0248534 | Q72: =H72/V72 -> 0.013641637 | R72: 1 | S72: 1 | T72: 175 | U72: 3.7032606e+09 | V72: 3.526119e+09
A73: 66 | B73: Vetiva Money Market Fund | C73: Vetiva Fund Managers Limited | D73: 1.3286733e+10 | E73: 1.8241889e+08 | F73: 0 | G73: 18633438 | H73: =(E73+F73)-G73 -> 1.6378545e+08 | I73: 1.2401161e+10 | J73: =(I73/$I$76) -> 0.0019800311 | K73: 1.3393745e+10 | L73: =(K73/$K$76) -> 0.0020770206 | M73: =((K73-I73)/I73) -> 0.080039581 | N73: =(G73/K73) -> 0.0013912045 | O73: =H73/K73 -> 0.012228503 | P73: =K73/V73 -> 1.0239697 | Q73: =H73/V73 -> 0.012521616 | R73: 1 | S73: 1 | T73: 786 | U73: 1.225043e+10 | V73: 1.3080216e+10
A74: 67 | B74: Zedcrest Money Market Fund | C74: Zedcrest Investment Managers Limited | D74: 8.0633676e+09 | E74: 4.2323855e+08 | G74: 58081655 | H74: =(E74+F74)-G74 -> 3.651569e+08 | I74: 2.2567078e+10 | J74: =(I74/$I$76) -> 0.0036031719 | K74: 2.1439088e+10 | L74: =(K74/$K$76) -> 0.0033246436 | M74: =((K74-I74)/I74) -> -0.049983839 | N74: =(G74/K74) -> 0.0027091476 | O74: =H74/K74 -> 0.017032296 | P74: =K74/V74 -> 0.99716638 | Q74: =H74/V74 -> 0.016984033 | R74: 1 | S74: 1 | T74: 4988 | U74: 2.2615099e+10 | V74: 2.1500011e+10
A75: 68 | B75: Zenith Money Market Fund | C75: Zenith Asset Management Ltd | D75: 1.6740002e+11 | E75: 2.4503313e+09 | F75: 0 | G75: 2.0035008e+08 | H75: =(E75+F75)-G75 -> 2.2499812e+09 | I75: 1.6407558e+11 | J75: =(I75/$I$76) -> 0.026197123 | K75: 1.6865723e+11 | L75: =(K75/$K$76) -> 0.026154339 | M75: =((K75-I75)/I75) -> 0.027924057 | N75: =(G75/K75) -> 0.0011879128 | O75: =H75/K75 -> 0.013340556 | P75: =K75/V75 -> 1.026156 | Q75: =H75/V75 -> 0.013689492 | R75: 1 | S75: 1 | T75: 9429 | U75: 1.6196419e+11 | V75: 1.6435827e+11
A76: Sub Total | I76: =SUM(I28:I75) -> 6.2631143e+12 | J76: =(I76/$I$249) -> 0.66280573 | K76: =SUM(K28:K75) -> 6.4485374e+12 | L76: =(K76/$K$249) -> 0.67371369 | M76: =((K76-I76)/I76) -> 0.029605584 | T76: =SUM(T28:T75) -> 821628
A78: BOND/FIXED INCOME FUNDS
A79: 69 | B79: Anchoria Fixed Income Fund | C79: Anchoria Asset Management Limited | D79: 1.2972199e+09 | E79: 17290631 | F79: 0 | G79: 1623911.8 | H79: =(E79+F79)-G79 -> 15666719 | I79: 1.1173783e+09 | J79: =(I79/$I$117) -> 0.0048007699 | K79: 1.3200542e+09 | L79: =(K79/$K$117) -> 0.0056147224 | M79: =((K79-I79)/I79) -> 0.18138525 | N79: =(G79/K79) -> 0.0012301857 | O79: =H79/K79 -> 0.011868239 | P79: =K79/V79 -> 1.8434134 | Q79: =H79/V79 -> 0.021878071 | R79: 1.84 | S79: 1.84 | T79: 456 | U79: 6.2380141e+08 | V79: 7.1609233e+08
A80: 70 | B80: ARM Fixed Income Fund | C80: ARM Investment Managers Limited | D80: 1035691291 | E80: 16441372 | F80: 11536750 | G80: 2589210 | H80: =(E80+F80)-G80 -> 25388912 | I80: 1253967355 | J80: =(I80/$I$117) -> 0.0053876192 | K80: 1316035038 | L80: =(K80/$K$117) -> 0.0055976272 | M80: =((K80-I80)/I80) -> 0.049497049 | N80: =(G80/K80) -> 0.0019674324 | O80: =H80/K80 -> 0.019291973 | P80: =K80/V80 -> 1.4359019 | Q80: =H80/V80 -> 0.02770138 | R80: 1.4359 | S80: 1.4359 | T80: 1650 | U80: 884527801 | V80: 916521570
A81: 71 | B81: ARM Short Term-Bond Fund | C81: ARM Investment Managers | D81: 535712424 | E81: 9155177 | F81: 413919 | G81: 1733910 | H81: =(E81+F81)-G81 -> 7835186 | I81: 714436581 | J81: =(I81/$I$117) -> 0.0030695474 | K81: 744599312 | L81: =(K81/$K$117) -> 0.0031670808 | M81: =((K81-I81)/I81) -> 0.042218906 | N81: =(G81/K81) -> 0.0023286484 | O81: =H81/K81 -> 0.010522688 | P81: =K81/V81 -> 1.2863465 | Q81: =H81/V81 -> 0.013535822 | R81: 1.2863 | S81: 1.2863 | T81: 975 | U81: 561352243 | V81: 578848182
A82: 72 | B82: AVA GAM Fixed Income Naira Fund | C82: AVA Global Asset Managers Limited | D82: 2.7936253e+08 | E82: 20610354 | F82: 44793884 | G82: 569334.72 | H82: =(E82+F82)-G82 -> 64834903 | I82: 3.2708686e+08 | J82: =(I82/$I$117) -> 0.0014053153 | K82: 3.4154926e+08 | L82: =(K82/$K$117) -> 0.0014527466 | M82: =((K82-I82)/I82) -> 0.044215759 | N82: =(G82/K82) -> 0.0016669183 | O82: =H82/K82 -> 0.18982592 | P82: =K82/V82 -> 1347.5576 | Q82: =H82/V82 -> 255.80137 | R82: 1347.56 | S82: 1347.56 | T82: 98 | U82: 261152 | V82: 253458
A83: 73 | B83: CardinalStone Fixed Income Alpha Fund | C83: CardinalStone Asset Mgt. Limited | D83: 1.8875942e+09 | E83: 38129003 | F83: 9936048.6 | G83: 2700978.2 | H83: =(E83+F83)-G83 -> 45364073 | I83: 1.8866943e+09 | J83: =(I83/$I$117) -> 0.0081061047 | K83: 1.8960995e+09 | L83: =(K83/$K$117) -> 0.0080648751 | M83: =((K83-I83)/I83) -> 0.0049850069 | N83: =(G83/K83) -> 0.0014244918 | O83: =H83/K83 -> 0.023924943 | P83: =K83/V83 -> 1.1290025 | Q83: =H83/V83 -> 0.027011321 | R83: 1.1248 | S83: 1.1248 | T83: 1121 | U83: 1.695826e+09 | V83: 1.6794467e+09
A84: 74 | B84: CEAT Fixed Income Fund | C84: Capital Express Assset & Trust Limited | D84: 5.1944418e+08 | E84: 6875020.6 | F84: 717285.75 | G84: 1343315 | H84: =(E84+F84)-G84 -> 6248991.3 | I84: 5.4365225e+08 | J84: =(I84/$I$117) -> 0.0023357795 | K84: 5.2592468e+08 | L84: =(K84/$K$117) -> 0.0022369695 | M84: =((K84-I84)/I84) -> -0.032608292 | N84: =(G84/K84) -> 0.0025541966 | O84: =H84/K84 -> 0.011881913 | P84: =K84/V84 -> 3.0004557 | Q84: =H84/V84 -> 0.035651154 | R84: 2.9886 | S84: 2.9886 | T84: 1385 | U84: 1.753227e+08 | V84: 1.752816e+08
A85: 75 | B85: CFG AM Fixed Income Naira Fund | C85: CFG Assset Management Limited | D85: 6.0498406e+09 | E85: 95601732 | F85: 0 | G85: 10718678 | H85: =(E85+F85)-G85 -> 84883054 | I85: 5.5678334e+09 | J85: =(I85/$I$117) -> 0.023921967 | K85: 6.3732391e+09 | L85: =(K85/$K$117) -> 0.027107953 | M85: =((K85-I85)/I85) -> 0.14465335 | N85: =(G85/K85) -> 0.0016818258 | O85: =H85/K85 -> 0.013318668 | P85: =K85/V85 -> 1267.1932 | Q85: =H85/V85 -> 16.877325 | R85: 1267.19 | S85: 1267.19 | T85: 486 | U85: 4452514 | V85: 5029414
A86: 76 | B86: Chapel Hill Denham Nigeria Bond Fund | C86: Chapel Hill Denham Mgt. Limited | D86: 1.4954908e+09 | E86: 19723159 | F86: 10666073 | G86: 2973738.8 | H86: =(E86+F86)-G86 -> 27415493 | I86: 1.4085325e+09 | J86: =(I86/$I$117) -> 0.0060517019 | K86: 1.5082546e+09 | L86: =(K86/$K$117) -> 0.0064152144 | M86: =((K86-I86)/I86) -> 0.07079859 | N86: =(G86/K86) -> 0.0019716425 | O86: =H86/K86 -> 0.018176967 | P86: =K86/V86 -> 112.44638 | Q86: =H86/V86 -> 2.0439342 | R86: 112.45 | S86: 113.04 | T86: 4686 | U86: 12767505 | V86: 13413100
A87: 77 | B87: Comercio Partners Fixed Income Fund | C87: Comercio Partners Asset Management Limited | D87: 2.0986246e+08 | E87: 11298345 | F87: 0 | G87: 465903.93 | H87: =(E87+F87)-G87 -> 10832441 | I87: 2.0376718e+08 | J87: =(I87/$I$117) -> 0.00087547729 | K87: 2.0439977e+08 | L87: =(K87/$K$117) -> 0.00086939455 | M87: =((K87-I87)/I87) -> 0.0031044836 | N87: =(G87/K87) -> 0.002279376 | O87: =H87/K87 -> 0.052996347 | P87: =K87/V87 -> 11.91385 | Q87: =H87/V87 -> 0.63139053 | R87: 11.9138 | S87: 11.9697 | T87: 47 | U87: 17160823 | V87: 17156483
A88: 78 | B88: Coral Income Fund | C88: FSDH Asset Management Ltd | D88: 2.2229172e+09 | E88: 27274948 | F88: 0 | G88: 4615644.8 | H88: =(E88+F88)-G88 -> 22659303 | I88: 2.191813e+09 | J88: =(I88/$I$117) -> 0.0094170346 | K88: 2.1948305e+09 | L88: =(K88/$K$117) -> 0.0093354984 | M88: =((K88-I88)/I88) -> 0.0013767103 | N88: =(G88/K88) -> 0.0021029618 | O88: =H88/K88 -> 0.010323942 | P88: =K88/V88 -> 5063.5281 | Q88: =H88/V88 -> 52.275571 | R88: 5063.53 | S88: 5063.53 | T88: 1208 | U88: 437128.01 | V88: 433458.74
A89: 79 | B89: Cordros Fixed Income Fund | C89: Cordros Asset Management Limited | D89: 3.3696867e+08 | E89: 4332847.1 | F89: 0 | G89: 758692.88 | H89: =(E89+F89)-G89 -> 3574154.2 | I89: 3.6538343e+08 | J89: =(I89/$I$117) -> 0.0015698549 | K89: 3.6916076e+08 | L89: =(K89/$K$117) -> 0.0015701894 | M89: =((K89-I89)/I89) -> 0.010337995 | N89: =(G89/K89) -> 0.0020551829 | O89: =H89/K89 -> 0.0096818367 | P89: =K89/V89 -> 116.34975 | Q89: =H89/V89 -> 1.1264793 | R89: 116.45 | S89: 116.45 | T89: 101 | U89: 3171232 | V89: 3172854
A90: 80 | B90: Coronation Fixed Income Fund | C90: Coronation Asset Management Limited | D90: 1.0821657e+09 | E90: 17149735 | F90: 7134780.5 | G90: 1953705.6 | H90: =(E90+F90)-G90 -> 22330810 | I90: 1.0809728e+09 | J90: =(I90/$I$117) -> 0.0046443553 | K90: 1.0914523e+09 | L90: =(K90/$K$117) -> 0.0046423862 | M90: =((K90-I90)/I90) -> 0.0096944628 | N90: =(G90/K90) -> 0.0017900055 | O90: =H90/K90 -> 0.020459722 | P90: =K90/V90 -> 1.5973604 | Q90: =H90/V90 -> 0.032681551 | R90: 1.5974 | S90: 1.5974 | T90: 3301 | U90: 6.9191883e+08 | V90: 6.8328491e+08
... A114: 104 | B114: Utica Custodian Assured Fixed Income Fund | C114: Utica Capital Limited | D114: 114000000 | E114: 4436536.8 | F114: 0 | G114: 486470.51 | H114: =(E114+F114)-G114 -> 3950066.3 | I114: 1.2120567e+08 | J114: =(I114/$I$117) -> 0.00052075518 | K114: 1.2250668e+08 | L114: =(K114/$K$117) -> 0.00052107028 | M114: =((K114-I114)/I114) -> 0.010733946 | N114: =(G114/K114) -> 0.0039709711 | O114: =H114/K114 -> 0.032243679 | P114: =K114/V114 -> 122.66626 | Q114: =H114/V114 -> 3.9552115 | R114: 122.6663 | S114: 122.6663 | T114: 82 | U114: 997877.91 | V114: 998699.12
A115: 105 | B115: Zedcrest Fixed Income Fund | C115: Zedcrest Investment Managers Limited | D115: 5.1621535e+08 | E115: 7180805.1 | G115: 1056875.2 | H115: =(E115+F115)-G115 -> 6123929.9 | I115: 5.2908331e+08 | J115: =(I115/$I$117) -> 0.0022731847 | K115: 5.4004291e+08 | L115: =(K115/$K$117) -> 0.00229702 | M115: =((K115-I115)/I115) -> 0.020714319 | N115: =(G115/K115) -> 0.0019570208 | O115: =H115/K115 -> 0.01133971 | P115: =K115/V115 -> 1.5031223 | Q115: =H115/V115 -> 0.017044971 | R115: 1.5031 | S115: 1.5 | T115: 60 | U115: 3.5850255e+08 | V115: 3.5928075e+08
A116: 106 | B116: Zenith Income Fund | C116: Zenith Asset Management Ltd | D116: 2.0152262e+09 | E116: 20948080 | F116: 0 | G116: 6756.95 | H116: =(E116+F116)-G116 -> 20941323 | I116: 2.1235799e+09 | J116: =(I116/$I$117) -> 0.0091238738 | K116: 2.0772934e+09 | L116: =(K116/$K$117) -> 0.0088355658 | M116: =((K116-I116)/I116) -> -0.021796437 | N116: =(G116/K116) -> 3.2527663e-06 | O116: =H116/K116 -> 0.010081062 | P116: =K116/V116 -> 32.962145 | Q116: =H116/V116 -> 0.33229342 | R116: 32.9043 | S116: 32.9043 | T116: 1370 | U116: 65155040 | V116: 63020577
A117: Sub Total | I117: =SUM(I79:I116) -> 2.3274981e+11 | J117: =(I117/$I$249) -> 0.024631182 | K117: =SUM(K79:K116) -> 2.3510588e+11 | L117: =(K117/$K$249) -> 0.024562786 | M117: =((K117-I117)/I117) -> 0.010122731 | T117: =SUM(T79:T116) -> 69339
A119: DOLLAR FUNDS
A120: EUROBONDS
A121: 107 | B121: Afrinvest Dollar Fund | C121: Afrinvest Asset Management Ltd. | D121: 4.3918301e+09 | E121: 29380821 | F121: 20872147 | G121: 8331758.1 | H121: =(E121+F121)-G121 -> 41921209 | I121: 4.5338935e+09 | J121: =(I121/$I$161) -> 0.0024919759 | K121: 4.4555217e+09 | L121: =(K121/$K$161) -> 0.0025423663 | M121: =((K121-I121)/I121) -> -0.017285757 | N121: =(G121/K121) -> 0.0018699849 | O121: =H121/K121 -> 0.0094088216 | P121: =K121/V121 -> 160186.09 | Q121: =H121/V121 -> 1507.1624 | R121: =120.22*C251 -> 160246 | S121: =120.22*C251 -> 160246 | T121: 159 | U121: 27563.31 | V121: 27814.66
A122: 108 | B122: AIICO Eurobond Fund | C122: AIICO Capital Ltd | D122: =3826876.93745976*1332.9396 -> 5.1009958e+09 | E122: =29428.0420573828*1332.9396 -> 39225803 | F122: 0 | G122: =7089.8*1332.9396 -> 9450275.2 | H122: =(E122+F122)-G122 -> 29775527 | I122: 5.5623534e+09 | J122: =(I122/$I$161) -> 0.003057251 | K122: =4151510.36039888*1332.9396 -> 5.5337126e+09 | L122: =(K122/$K$161) -> 0.003157593 | M122: =((K122-I122)/I122) -> -0.005149054 | N122: =(G122/K122) -> 0.001707764 | O122: =H122/K122 -> 0.0053807506 | P122: =K122/V122 -> 144895.27 | Q122: =H122/V122 -> 779.64531 | R122: =108.9819*C251 -> 145266.29 | S122: =108.9819*C251 -> 145266.29 | T122: 124 | U122: 37638.71 | V122: 38191.12
A123: 109 | B123: ARM Eurobond Fund | C123: ARM Investment Managers Limited | D123: =(8241434+4280973)*C251 -> 1.6691612e+10 | E123: =85323*C251 -> 1.1373041e+08 | F123: =5739*C251 -> 7649740.4 | G123: =24299*C251 -> 32389099 | H123: =(E123+F123)-G123 -> 88991047 | I123: 1.7666233e+10 | J123: =(I123/$I$161) -> 0.009709938 | K123: =12775159*C251 -> 1.7028515e+10 | L123: =(K123/$K$161) -> 0.009716645 | M123: =((K123-I123)/I123) -> -0.036098087 | N123: =(G123/K123) -> 0.0019020507 | O123: =H123/K123 -> 0.0052260015 | P123: =K123/V123 -> 1665.229 | Q123: =H123/V123 -> 8.7024893 | R123: =1.2493*C251 -> 1665.2414 | S123: =1.25*C251 -> 1666.1745 | T123: 354 | U123: 10388832 | V123: 10225930
A124: 110 | B124: ARM Short-Term Eurobond Fund | C124: ARM Investment Managers Limited | D124: =1216508*C251 -> 1.6215317e+09 | E124: =20900*C251 -> 27858438 | F124: =27*C251 -> 35989.369 | G124: =5725*C251 -> 7631079.2 | H124: =(E124+F124)-G124 -> 20263348 | I124: 4.3877208e+09 | J124: =(I124/$I$161) -> 0.0024116346 | K124: =2310570*C251 -> 3.0798503e+09 | L124: =(K124/$K$161) -> 0.001757394 | M124: =((K124-I124)/I124) -> -0.29807515 | N124: =(G124/K124) -> 0.0024777436 | O124: =H124/K124 -> 0.0065793289 | P124: =K124/V124 -> 1430.8321 | Q124: =H124/V124 -> 9.4139147 | R124: =1.0734*C251 -> 1430.7774 | S124: =1.0734*C251 -> 1430.7774 | T124: 127 | U124: 3004607 | V124: 2152489
A125: 111 | B125: CardinalStone Dollar Fund | C125: CardinalStone Asset Mgt. Limited | D125: =35303558.07*1332.9396 -> 4.7057511e+10 | E125: =208973.09*1332.9396 -> 2.7854851e+08 | F125: 0 | G125: =44463.45*1332.9396 -> 59267093 | H125: =(E125+F125)-G125 -> 2.1928141e+08 | I125: 4.8167565e+10 | J125: =(I125/$I$161) -> 0.026474466 | K125: =35663672.84*1332.9396 -> 4.7537522e+10 | L125: =(K125/$K$161) -> 0.027125396 | M125: =((K125-I125)/I125) -> -0.013080236 | N125: =(G125/K125) -> 0.0012467434 | O125: =H125/K125 -> 0.004612807 | P125: =K125/V125 -> 1737.0946 | Q125: =H125/V125 -> 8.0128823 | R125: =1.3026*C251 -> 1736.2871 | S125: =1.3*C251 -> 1732.8215 | T125: 653 | U125: 26989092 | V125: 27366110
A126: 112 | B126: Comercio Partners Dollar Fund | C126: Comercio Partners Asset Management Limited | D126: =1009140.49*1332.9396 -> 1.3451233e+09 | E126: =25400.78*1332.9396 -> 33857706 | F126: 0 | G126: =1745.08*1332.9396 -> 2326086.2 | H126: =(E126+F126)-G126 -> 31531619 | I126: 1.3595081e+09 | J126: =(I126/$I$161) -> 0.00074723002 | K126: =989277.72*1332.9396 -> 1.3186474e+09 | L126: =(K126/$K$161) -> 0.00075243372 | M126: =((K126-I126)/I126) -> -0.030055456 | N126: =(G126/K126) -> 0.001763994 | O126: =H126/K126 -> 0.023912092 | P126: =K126/V126 -> 1449.6151 | Q126: =H126/V126 -> 34.663331 | R126: =1.0875*C251 -> 1449.5718 | S126: =1.0942*C251 -> 1458.5025 | T126: 84 | U126: 910002.88 | V126: 909653.47
A127: 113 | B127: Cowry Eurobond Fund | C127: Cowry Treasurers Limited | D127: =844128.5*1332.9396 -> 1.1251723e+09 | E127: =5457.37*1332.9396 -> 7274344.6 | F127: 0 | G127: =1238*1332.9396 -> 1650179.2 | H127: =(E127+F127)-G127 -> 5624165.4 | I127: 1.0766672e+09 | J127: =(I127/$I$161) -> 0.00059177143 | K127: =870807.14*1332.9396 -> 1.1607333e+09 | L127: =(K127/$K$161) -> 0.0006623263 | M127: =((K127-I127)/I127) -> 0.078079959 | N127: =(G127/K127) -> 0.0014216696 | O127: =H127/K127 -> 0.0048453553 | P127: =K127/V127 -> 1984.662 | Q127: =H127/V127 -> 9.6163927 | R127: =1.49*C251 -> 1986.08 | S127: =1.51*C251 -> 2012.7388 | T127: 88 | U127: 527787.97 | V127: 584851.88
A128: 114 | B128: EDC Dollar Fund | C128: EDC Fund Management Limited | D128: =1002544.4*1332.9396 -> 1.3363311e+09 | E128: =16839.09*1332.9396 -> 22445490 | F128: 0 | G128: =5219.38*1332.9396 -> 6957118.3 | H128: =(E128+F128)-G128 -> 15488372 | I128: 4.0866251e+09 | J128: =(I128/$I$161) -> 0.0022461425 | K128: =2982099.51*1332.9396 -> 3.9749585e+09 | L128: =(K128/$K$161) -> 0.002268152 | M128: =((K128-I128)/I128) -> -0.027324879 | N128: =(G128/K128) -> 0.0017502367 | O128: =H128/K128 -> 0.0038964863 | P128: =K128/V128 -> 144370.7 | Q128: =H128/V128 -> 562.53847 | R128: =107.69*C251 -> 143544.27 | S128: =106.06*C251 -> 141371.57 | T128: 132 | U128: 27514 | V128: 27533
A129: 115 | B129: Emerging Africa Eurobond Fund | C129: Emerging Africa Asset Management Limited | D129: =3318339.75*1332.9396 -> 4.4231465e+09 | E129: =23245.27*1332.9396 -> 30984541 | F129: 0 | G129: =5601*1332.9396 -> 7465794.7 | H129: =(E129+F129)-G129 -> 23518746 | I129: 4.4879732e+09 | J129: =(I129/$I$161) -> 0.0024667366 | K129: =3303809*1332.9396 -> 4.4037778e+09 | L129: =(K129/$K$161) -> 0.0025128407 | M129: =((K129-I129)/I129) -> -0.018760223 | N129: =(G129/K129) -> 0.0016953159 | O129: =H129/K129 -> 0.0053405842 | P129: =K129/V129 -> 155344.13 | Q129: =H129/V129 -> 829.62842 | R129: =116.24*C251 -> 154940.9 | S129: =116.24*C251 -> 154940.9 | T129: 83 | U129: 28290.18 | V129: 28348.53
A130: 116 | B130: FCMBAM USD Bond Fund | C130: First City Asset Management Ltd. | D130: =4590596.51*1332.9396 -> 6.1189879e+09 | E130: =30113.67*1332.9396 -> 40139703 | F130: 0 | G130: =9269.94*1332.9396 -> 12356270 | H130: =(E130+F130)-G130 -> 27783433 | I130: 1.1530528e+10 | J130: =(I130/$I$161) -> 0.0063375546 | K130: =4589729.77*1332.9396 -> 6.1178326e+09 | L130: =(K130/$K$161) -> 0.0034908978 | M130: =((K130-I130)/I130) -> -0.46942303 | N130: =(G130/K130) -> 0.0020197137 | O130: =H130/K130 -> 0.004541385 | P130: =K130/V130 -> 2070.2688 | Q130: =H130/V130 -> 9.4018875 | R130: =1.55*C251 -> 2066.0564 | S130: =1.55*C251 -> 2066.0564 | T130: 121 | U130: 5469256 | V130: 2955091
A131: 117 | B131: First Asset Dollar Fund | C131: FBNQuest Asset Management Limited | D131: 5.2960232e+10 | E131: 3.6836143e+08 | F131: 0 | G131: 85592706 | H131: =(E131+F131)-G131 -> 2.8276873e+08 | I131: 5.3432217e+10 | J131: =(I131/$I$161) -> 0.02936809 | K131: 5.275832e+10 | L131: =(K131/$K$161) -> 0.030104437 | M131: =((K131-I131)/I131) -> -0.01261217 | N131: =(G131/K131) -> 0.0016223546 | O131: =H131/K131 -> 0.0053596992 | P131: =K131/V131 -> 179743.12 | Q131: =H131/V131 -> 963.36907 | R131: =134.6*C251 -> 179413.67 | S131: =134.63*C251 -> 179453.66 | T131: 4085 | U131: 291692.42 | V131: 293520.66
A132: 118 | B132: First Asset Specialized Dollar Fund | C132: FBNQuest Asset Management Limited | D132: 1.6375783e+11 | E132: 1.1270161e+09 | F132: 0 | G132: 2.6306418e+08 | H132: =(E132+F132)-G132 -> 8.6395193e+08 | I132: 1.6322257e+11 | J132: =(I132/$I$161) -> 0.089712454 | K132: 1.6296027e+11 | L132: =(K132/$K$161) -> 0.092986798 | M132: =((K132-I132)/I132) -> -0.0016070141 | N132: =(G132/K132) -> 0.0016142841 | O132: =H132/K132 -> 0.0053016107 | P132: =K132/V132 -> 175377.96 | Q132: =H132/V132 -> 929.78565 | R132: =131.35*C251 -> 175081.62 | S132: =131.35*C251 -> 175081.62 | T132: 1619 | U132: 912841.4 | V132: 929194.73
A133: 119 | B133: FSL Eurobond Fund | C133: FSL Asset Management Limited | D133: =1742000*1332.9396 -> 2.3219808e+09 | E133: =20459.72*1332.9396 -> 27271571 | F133: 0 | G133: =1879.28*1332.9396 -> 2504966.7 | H133: =(E133+F133)-G133 -> 24766604 | I133: 2.3824442e+09 | J133: =(I133/$I$161) -> 0.0013094691 | K133: =1777469.66*1332.9396 -> 2.3692597e+09 | L133: =(K133/$K$161) -> 0.0013519238 | M133: =((K133-I133)/I133) -> -0.0055340144 | N133: =(G133/K133) -> 0.0010572782 | O133: =H133/K133 -> 0.010453309 | P133: =K133/V133 -> 164279.15 | Q133: =H133/V133 -> 1717.2607 | R133: =1*C251 -> 1332.9396 | S133: =1*C251 -> 1332.9396 | T133: 21 | U133: 14159.567 | V133: 14422.157
A134: 120 | B134: Futureview Dollar Fund | C134: Futureview Asset Management Limited | D134: =230348.4*1332.9396 -> 3.070405e+08 | E134: =1451.23*1332.9396 -> 1934401.9 | F134: 0 | G134: =5869.97*1332.9396 -> 7824315.5 | H134: =(E134+F134)-G134 -> -5889913.5 | I134: 2.9504698e+08 | J134: =(I134/$I$161) -> 0.00016216745 | K134: =216780.75*1332.9396 -> 2.8895565e+08 | L134: =(K134/$K$161) -> 0.00016488105 | M134: =((K134-I134)/I134) -> -0.020645287 | N134: =(G134/K134) -> 0.027077912 | O134: =H134/K134 -> -0.020383452 | P134: =K134/V134 -> 197969.06 | Q134: =H134/V134 -> -4035.2929 | R134: =148.52*C251 -> 197968.19 | S134: =148.52*C251 -> 197968.19 | T134: 11 | U134: 1459.6 | V134: 1459.6
A135: 121 | B135: Myrtle Dollar Shield Fund | C135: Myrtle asset Management Limited | D135: =60443.75*C251 -> 80567868 | E135: =393.38*C251 -> 524351.78 | F135: 0 | G135: =337.9*C251 -> 450400.29 | H135: =(E135+F135)-G135 -> 73951.489 | I135: 75859425 | J135: =(I135/$I$161) -> 4.1694816e-05 | K135: =60366.59*C251 -> 80465018 | L135: =(K135/$K$161) -> 4.5914162e-05 | M135: =((K135-I135)/I135) -> 0.060712209 | N135: =(G135/K135) -> 0.0055974671 | O135: =H135/K135 -> 0.00091905142 | P135: =K135/V135 -> 13336.021 | Q135: =H135/V135 -> 12.256489 | R135: =100*C251 -> 133293.96 | S135: =100*C251 -> 133293.96 | T135: 6 | U135: 5488.65 | V135: 6033.66
A136: 122 | B136: Norrenberger Dollar Fund | C136: Norrenberger Investment & Capital Management Limited | D136: 2.9867581e+10 | E136: 8.6249073e+08 | F136: -1.4710761e+08 | G136: 96026168 | H136: =(E136+F136)-G136 -> 6.1935695e+08 | I136: 4.5809459e+10 | J136: =(I136/$I$161) -> 0.025178374 | K136: 4.6002584e+10 | L136: =(K136/$K$161) -> 0.026249545 | M136: =((K136-I136)/I136) -> 0.0042158176 | N136: =(G136/K136) -> 0.0020874082 | O136: =H136/K136 -> 0.013463525 | P136: =K136/V136 -> 142599.89 | Q136: =H136/V136 -> 1919.8973 | R136: 142597.73 | S136: 142597.73 | T136: 1009 | U136: 317586 | V136: 322599
A137: 123 | B137: Pacam Eurobond Fund | C137: PAC Asset Management Ltd. | D137: =2065872.09*1332.9396 -> 2.7536827e+09 | E137: =93649.71*1332.9396 -> 1.2482941e+08 | F137: 0 | G137: =2695.6*1332.9396 -> 3593072 | H137: =(E137+F137)-G137 -> 1.2123634e+08 | I137: 2.8115166e+09 | J137: =(I137/$I$161) -> 0.0015453013 | K137: =2090062.46*1332.9396 -> 2.785927e+09 | L137: =(K137/$K$161) -> 0.0015896784 | M137: =((K137-I137)/I137) -> -0.0091016975 | N137: =(G137/K137) -> 0.0012897222 | O137: =H137/K137 -> 0.043517412 | P137: =K137/V137 -> 215496.43 | Q137: =H137/V137 -> 9377.8468 | R137: =158.93*C251 -> 211844.09 | S137: =165.027*C251 -> 219971.02 | T137: 53 | U137: 12893.95 | V137: 12927.95
A138: 124 | B138: United Capital Nigerian Eurobond Fund | C138: United Capital Asset Mgt. Ltd | D138: =89988327*1332.9396 -> 1.19949e+11 | E138: =755484.96*1332.9396 -> 1.0070158e+09 | F138: 0 | G138: =152481*1332.9396 -> 2.0324796e+08 | H138: =(E138+F138)-G138 -> 8.0376786e+08 | I138: 1.4505018e+11 | J138: =(I138/$I$161) -> 0.079724314 | K138: =105498973.87*1332.9396 -> 1.4062376e+11 | L138: =(K138/$K$161) -> 0.080241355 | M138: =((K138-I138)/I138) -> -0.030516479 | N138: =(G138/K138) -> 0.0014453316 | O138: =H138/K138 -> 0.0057157329 | P138: =K138/V138 -> 162081.74 | Q138: =H138/V138 -> 926.41596 | R138: =121.597214755831*C251 -> 162081.74 | S138: =121.597214755831*C251 -> 162081.74 | T138: 1234 | U138: 873338.87 | V138: 867610.11
A140: FIXED INCOME
...

Sheet NAV Comparison
A4: FUNDS | B4: Jul 2026 | C4: Aug 2026
A5: EQUITY BASED FUNDS | B5: 241.38587 | C5: =August!K25/1000000000 -> 233.72279
A6: MONEY MARKET FUNDS | B6: 6263.1143 | C6: =August!K76/1000000000 -> 6448.5374
A7: BONDS/FIXED INCOME FUNDS | B7: 232.74981 | C7: =August!K117/1000000000 -> 235.10588
A8: DOLLAR FUNDS | B8: 1819.397 | C8: =August!K161/1000000000 -> 1752.5098
A9: REAL ESTATE INVESTMENT TRUST | B9: 519.10572 | C9: =August!K170/1000000000 -> 522.41816
A10: BALANCED FUNDS | B10: 155.82342 | C10: =August!K203/1000000000 -> 157.76147
A11: ETHICAL FUNDS | B11: 19.720978 | C11: =August!K209/1000000000 -> 19.659122
A12: SHARI'AH COMPLAINT FUNDS | B12: 145.25147 | C12: =August!K237/1000000000 -> 147.96295
A13: SPECIALISED FUNDS | B13: 52.848096 | C13: =August!K248/1000000000 -> 53.951384

Sheet Market Share
A1: FUNDS | B1: Aug 2026
A2: ETHICAL FUNDS | B2: =August!K209 -> 1.9659122e+10
A3: SPECIALISED FUNDS | B3: =August!K248 -> 5.3951384e+10
A4: SHARI'AH COMPLAINT FUNDS | B4: =August!K237 -> 1.4796295e+11
A5: EQUITY BASED FUNDS | B5: =August!K25 -> 2.3372279e+11
A6: BALANCED FUNDS | B6: =August!K203 -> 1.5776147e+11
A7: BONDS/FIXED INCOME FUNDS | B7: =August!K117 -> 2.3510588e+11
A8: REAL ESTATE INVESTMENT TRUST | B8: =August!K170 -> 5.2241816e+11
A9: DOLLAR FUNDS | B9: =August!K161 -> 1.7525098e+12
A10: MONEY MARKET FUNDS | B10: =August!K76 -> 6.4485374e+12

Sheet Unitholders
A5: FUNDS | B5: UNIT HOLDERS
A6: EQUITY BASED FUNDS | B6: =August!T25 -> 113122
A7: MONEY MARKET FUNDS | B7: =August!T76 -> 821628
A8: BONDS/FIXED INCOME FUNDS | B8: =August!T117 -> 69339
A9: DOLLAR FUNDS | B9: =August!T161 -> 31548
A10: REAL ESTATE INVESTMENT TRUST | B10: =August!T170 -> 232429
A11: BALANCED FUNDS | B11: =August!T203 -> 105225
A12: ETHICAL FUNDS | B12: =August!T209 -> 19674
A13: SHARI'AH COMPLAINT FUNDS | B13: =August!T237 -> 61488
A14: SPECIALISED FUNDS | B14: =August!T248 -> 291
